 Dungeon Crawl Stone Soup version 0.31-a0-354-g827e0957a7 (webtiles) character file.

Game seed: 12638859087591207265

733 randomguy2701 the Cleaver (level 7, -11/61 HPs)
             Began as a Hill Orc Fighter on July 24, 2023.
             Was an Initiate of Beogh.
             Mangled by an ogre
             ... wielding a +0 giant club
              (12 damage)
             ... on level 5 of the Dungeon.
             The game lasted 00:08:26 (4168 turns).

randomguy2701 the Cleaver (Hill Orc Fighter)        Turns: 4168, Time: 00:08:26

Health: -11/61     AC: 14    Str: 24 (27) XL:     7   Next: 74%
Magic:  7/7        EV:  4    Int:  4 (6)  God:    Beogh [......]
Gold:   177        SH:  4    Dex: 11 (14) Spells: 6/6 levels left

rFire   + . .        a - +0 war axe
rCold   + . .        c - +0 buckler
rNeg    . . .        o - +0 gold dragon scales
rPois   +            (no helmet)
rElec   +            (no cloak)
rCorr   .            (no gloves)
SInv    .            (no boots)
Will    .....        (no amulet) Stlth
                     t - ring "Meetom" {+Blink rElec Str+6 Int-2 Dex+4}
HPRegen 0.30/turn    (no ring)
MPRegen 0.10/turn

%: no passive effects
@: on berserk cooldown, hasted and slowed
A: no striking features
a: Renounce Religion, Evoke Blink


You were on level 5 of the Dungeon.
You worshipped Beogh.
Beogh was noncommittal.
You visited 1 branch of the dungeon, and saw 5 of its levels.

You collected 177 gold pieces.

Inventory:

Hand Weapons
 a - a +0 war axe (weapon)
Armour
 b - a +0 scale mail
 c - a +0 buckler (worn)
 o - +0 gold dragon scales (worn)
Jewellery
 t - the ring "Meetom" (left hand) {+Blink rElec Str+6 Int-2 Dex+4}
   (You found it on level 4 of the Dungeon)

   [ring of strength]

   Str:       It affects your strength (+6).
   Int:       It affects your intelligence (-2).
   Dex:       It affects your dexterity (+4).
   rElec:     It insulates you from electricity.
   +Blink:    It lets you blink.
 w - an amulet of the acrobat
Scrolls
 f - 2 scrolls of teleportation {unknown}
 g - 2 scrolls of identify {unknown}
 h - a scroll of enchant weapon {unknown}
 i - a scroll of acquirement {unknown}
 p - 3 scrolls of immolation {unknown}
 q - a scroll of poison {unknown}
 s - a scroll of revelation {unknown}
 u - 3 scrolls of fear {unknown}
Potions
 d - a potion of brilliance {unknown}
 e - a potion of attraction {unknown}
 j - a potion of cancellation {unknown}
 l - a potion of degeneration
 n - 2 potions of mutation {unknown}
 r - a potion of ambrosia
 v - a potion of haste


   Skills:
 + Level 5.4 Fighting
 + Level 8.3 Axes
 + Level 5.1 Armour
 + Level 0.2 Dodging
 + Level 4.3 Shields


You had 6 spell levels left.
You didn't know any spells.
Your spell library contained the following spells:

 Spells                   Type           Power      Damage    Failure   Level
 Apportation              Tloc           0%         N/A       100%        1
 Necrotise                Necr           0%         1d4       100%        1
 Summon Small Mammal      Summ           0%         N/A       100%        1
 Call Canine Familiar     Summ           0%         N/A       100%        3
 Summon Guardian Golem    Hex/Summ       0%         N/A       100%        3


Dungeon Overview and Level Annotations

Branches:
Dungeon (5/15)
 Temple: D:4-7

Altars:
Ashenzari
Cheibriados
Elyvilon
Gozag
Kikubaaqudgha
Nemelex Xobeh
Qazlal
Trog
Xom
Zin

Annotations:
D:2 Sigmund
D:3 3 runed translucent doors, bahustanut's ghost, amateur DsSh


Message History

You miss the water moccasin.
The water moccasin is heavily wounded.
You feel sick. The water moccasin closely misses you.
You barely miss the water moccasin.
The water moccasin is heavily wounded.
You feel sick.
The water moccasin bites you but does no damage.
The water moccasin barely misses you.
You slice the water moccasin!!
You kill the water moccasin!
Beogh accepts your kill.
You feel sick.
Your Armour skill increases to level 5!
You bump into the rock wall.
You feel sick.
You bump into the rock wall.
You feel a strong urge to attack something.
You bump into the rock wall.
You feel less invigorated.
You feel less confused.
You feel sick.
You slash the ogre!
The ogre is moderately wounded.
You feel sick.
The howler monkey hoots and howls with incredible vigour!
The ogre hits you with a +0 giant club!!
* * * LOW HITPOINT WARNING * * *
You slash the ogre!
The ogre is severely wounded.
You are no longer berserk.
You are exhausted.
You feel yourself slow down.
You feel sick.
You slash the ogre!
The ogre is almost dead.
You feel sick. The ogre hits you with a +0 giant club.
* * * LOW HITPOINT WARNING * * *
You hit the ogre but do no damage.
The ogre is almost dead.
You feel sick.
You are no longer poisoned.
The ogre hits you with a +0 giant club!
You die...

.###.# ##...###......####..... .#
#.######..### ##..##.......### .#
#........>..# ##.####...### .#
#...........# #.###......#
.###...........#####.##....##.###
..##...........##........####....
...#....########..###.#.## #....
.#.####.# #.## #.#.# ##...
######### #@####.#.# #... #
≈≈≈≈≈# #O##.....# #...
....≈≈########ho..#.### #...
...$.≈≈#.#oh....###.# #...
.8....≈#....#.### #.## #...
.......'.#....## #..# #######
......≈#.......# ##.# ##.....#
8.....≈#..#....#####.###..._...
.....≈≈#######....##..#.._..._.


You could see an ogre, a howler monkey and an orc.

Vanquished Creatures
  An acid dragon (D:5)
  A water moccasin (D:5)
  A bullfrog (D:4)
  2 scorpions (D:5)
  2 vampire bats (D:5)
  A jelly (D:5)
  2 iguanas
  3 gnolls (D:3)
  3 adders
  A shadow imp (D:4)
  A white imp (D:5)
  A worm (D:2)
  2 dart slugs
  An orc (D:4)
  8 ball pythons
  3 bat skeletons (D:5)
  3 bat zombies (D:5)
  6 endoplasms
  4 giant cockroaches
  7 goblins
  5 hobgoblins
  2 jackals (D:1)
  9 quokkas
  5 bats
  7 frilled lizards
  6 kobolds
  8 rats
95 creatures vanquished.

Vanquished Creatures (others)
  A dart slug (D:4)
  A quokka (D:4)
2 creatures vanquished.

Grand Total: 97 creatures vanquished

Notes
Turn   | Place    | Note
-------+----------+-------------------------------------------
     0 | D:1      | randomguy2701 the Hill Orc Fighter began the quest for the
                  | Orb.
     0 | D:1      | Reached XP level 1. HP: 19/19 MP: 1/1
   181 | D:1      | Reached XP level 2. HP: 27/27 MP: 2/2
   212 | D:1      | Reached skill level 3 in Axes
   590 | D:1      | Reached XP level 3. HP: 33/33 MP: 3/3
  1225 | D:2      | Noticed a black bear
  1470 | D:2      | Reached skill level 4 in Axes
  1905 | D:2      | Noticed Sigmund
  1955 | D:3      | Identified the +1 leather armour of Qonul {rPois rF+ Dex-3}
  1957 | D:3      | Reached XP level 4. HP: 40/40 MP: 4/4
  1999 | D:3      | Found a runed translucent gate.
  2000 | D:3      | Found a runed translucent gate.
  2000 | D:3      | Found a runed translucent gate.
  2003 | D:3      | Noticed bahustanut's ghost (amateur DsSh)
  2424 | D:3      | Reached skill level 5 in Axes
  2427 | D:3      | Reached XP level 5. HP: 25/47 MP: 5/5
  2888 | D:4      | Became a worshipper of Beogh the Brigand
  2957 | D:4      | Identified the +1 sling of Ticke {drain, rPois Str+2 Dex-2}
  2991 | D:4      | Reached skill level 6 in Axes
  3069 | D:4      | Identified the ring "Meetom" {+Blink rElec Str+6 Int-2
                  | Dex+4}
  3087 | D:4      | Reached XP level 6. HP: 52/53 MP: 6/6
  3433 | D:5      | Entered Level 5 of the Dungeon
  3511 | D:5      | Noticed an acid dragon
  3524 | D:5      | Killed an acid dragon
  3525 | D:5      | Reached skill level 7 in Axes
  3772 | D:5      | Reached skill level 5 in Fighting
  3772 | D:5      | Reached XP level 7. HP: 54/61 MP: 7/7
  3899 | D:5      | Found a bloodstained altar of Trog.
  3899 | D:5      | Found a white marble altar of Elyvilon.
  3904 | D:5      | Found a glowing silver altar of Zin.
  3951 | D:5      | Found an ancient bone altar of Kikubaaqudgha.
  4027 | D:5      | Found a stormy altar of Qazlal.
  4029 | D:5      | Found an opulent altar of Gozag.
  4029 | D:5      | Found a sparkling altar of Nemelex Xobeh.
  4030 | D:5      | Found a broken altar of Ashenzari.
  4032 | D:5      | Found a shimmering altar of Xom.
  4039 | D:5      | Reached skill level 8 in Axes
  4063 | D:5      | Found a snail-covered altar of Cheibriados.
  4162 | D:5      | Reached skill level 5 in Armour
  4167 | D:5      | HP: 2/61 [ogre/+0 giant club (3)]
  4168 | D:5      | Mangled by an ogre

Illustrated notes

Levels and vault maps discovered:
D:1:      dpeg_arrival_central, layout_rooms, serial_co_window_serial,
          co_window_of_opportunity_a, co_window_paths_a, co_window_corner_a,
          co_window_paths_a, co_window_paths_a, co_window_paths_a,
          co_window_corner_a, co_window_broadway_b, co_window_broadway_b,
          co_window_of_opportunity_b, co_window_paths_e, co_window_4corner_b,
          glass_columns_b, glass_columns_a
D:2:      wander_river, layout_loops_corners, uniq_sigmund
D:3:      layout_loops_ring, ebering_ghost_rock_garden
D:4:      layout_loops_ring
D:5:      layout_rooms, nicolae_dithmenos_the_darkroom,
          kennysheep_vampire_church, nicolae_overflow_hallway_of_the_gods,
          kennysheep_potato

Skill      XL: |  1  2  3  4  5  6  7 |
---------------+----------------------+-----
Axes           | 3 4 5 6 7 8 |  8.3
Fighting       | 4 5 |  5.4
Armour         | 4 5 |  5.1
Shields        | 4 |  4.3
Dodging        | |  0.2

Action                     |  1- 3 |  4- 6 |  7- 9 || total
---------------------------+-------+-------+-------++-------
  Melee: War axe           |   139 |   127 |    38 ||   304
         Unarmed           |     1 |       |       ||     1
 Invoke: Convert to Beogh  |       |     1 |       ||     1
    Use: Potion            |       |     2 |     5 ||     7
 Armour: Scale mail        |    54 |    12 |       ||    66
         Gold dragon scale |       |    91 |    44 ||   135
  Dodge: Dodged            |    71 |    21 |    12 ||   104
  Block: Buckler           |    38 |    27 |     9 ||    74

Table legend: (Time is in decaauts)
 A = Elapsed time spent in this place.
 B = Non-inter-level travel time spent in this place.
 C = Inter-level travel time spent in this place.
 D = Time resting spent in this place.
 E = Time spent auto-exploring this place.
 F = Levels seen in this place.
 G = Mean time per level.
                   A        B        C        D        E       F      G
               +--------+--------+--------+--------+--------+-----+--------+
         Total |   4275 |   4173 |    102 |      0 |   3215 |   5 |  855.0 |
       Dungeon |   4275 |   4173 |    102 |      0 |   3215 |   5 |  855.0 |
               +--------+--------+--------+--------+--------+-----+--------+

Top non-repeatable levels by time:
     D:1: 1074 daAuts
     D:2: 915 daAuts
     D:3: 884 daAuts
     D:5: 741 daAuts
     D:4: 659 daAuts
